 Dungeon Crawl Stone Soup version 0.28-a0-224-g76b539d98b (webtiles) character file.

Game seed: 13838617045472212790

128 Froggeryz the Sneak (level 5, -5/34 HPs)
             Began as an Octopode Brigand on Aug 21, 2021.
             Was an Initiate of Gozag.
             Killed from afar by an orc wizard (7 damage)
             ... with a magic dart
             ... on level 3 of the Dungeon.
             The game lasted 00:02:35 (3004 turns).

Froggeryz the Sneak (Octopode Brigand)              Turns: 3004, Time: 00:02:36

Health: -5/34      AC:  1    Str: 11    XL:     5   Next: 11%
Magic:  5/5        EV: 13    Int: 13    God:    Gozag
Gold:   285        SH:  0    Dex: 14    Spells: 4/4 levels left

rFire   . . .      SeeInvis .   a - +2 dagger
rCold   . . .      Faith    .   (no shield)
rNeg    . . .      Spirit   .   (helmet restricted)
rPois   .          Reflect  .   (no amulet)
rElec   .          Harm     .   (no ring)
rCorr   .          Rampage  .   (no ring)
Will    .....                   (no ring)
Stlth   ++++......              (no ring)
HPRegen 0.11/turn               (no ring)
MPRegen 0.09/turn               (no ring)
                                (no ring)
                                (no ring)

@: gold aura
A: almost no armour, amphibious, 8 rings, camouflage 1, gelatinous body 1,
(nimble swimmer 1), tentacles
a: Renounce Religion, Potion Petition, Call Merchant, Bribe Branch


You were on level 3 of the Dungeon.
You worshipped Gozag.
Gozag was aware of your devotion.
You visited 1 branch of the dungeon, and saw 3 of its levels.

You collected 331 gold pieces.
You paid 46 gold pieces to Gozag.

Inventory:

Hand Weapons
 a - a +2 dagger (weapon)
Missiles
 b - 23 poisoned darts (quivered)
 c - 2 curare-tipped darts
Scrolls
 f - 2 scrolls of immolation {unknown}
 h - 2 scrolls of acquirement {unknown}
 i - a scroll of torment {unknown}
 j - 2 scrolls of teleportation {unknown}
 k - a scroll of vulnerability {unknown}
 l - a scroll of summoning {unknown}
Potions
 d - a potion of brilliance {unknown}
 e - a potion of might {unknown}
 g - a potion of mutation {unknown}
 m - a potion of curing {unknown}


   Skills:
 - Level 2.0 Fighting
 * Level 4.3 Short Blades
 - Level 2.0 Throwing
 + Level 2.7 Dodging
 - Level 5.3 Stealth


You had 4 spell levels left.
You didn't know any spells.
Your spell library contained the following spells:

 Spells                   Type           Power      Damage    Failure   Level
 Gell's Gravitas          Tloc           0%         N/A       67%         3
 Teleport Other           Tloc           0%         N/A       67%         3
 Dispersal                Tloc           0%         N/A       100%        6


Dungeon Overview and Level Annotations

Branches:
Dungeon (3/15)

Altars:
Gozag


Innate Abilities, Weirdness & Mutations

You cannot wear most types of armour.
You are amphibious.
You can wear up to eight rings at the same time.
Your skin changes colour to match your surroundings (Stealth+).
Your rubbery body absorbs attacks. (AC +1, EV +1)
((You are camouflaged near water. (Stealth+)))
You have tentacles for arms and can constrict up to eight enemies at once.


Message History

You are confused.
You completely miss something. Your squeeze misses something.
You see here 10 gold pieces.
You bump into the rock wall.
You bump into the rock wall.
You bump into the rock wall.
You feel less confused. Something hits you. The orc barely misses you.
A magic dart appears from out of thin air!
The magic dart hits you.
You barely miss the orc. Your grab misses the orc. You squeeze the orc.
The orc is severely wounded.
The orc closely misses you.
You hit the orc.
You kill the orc!
You hit the orc. You grab the orc. Your squeeze misses the orc.
The orc is severely wounded.
You constrict the orc. The orc closely misses you.
You hit the orc.
You kill the orc!
Something hits you.
* * * LOW HITPOINT WARNING * * *
Things that are here:
13 gold pieces; a +0 mace; a +0 hand axe You closely miss something.
Something hits you.
* * * LOW HITPOINT WARNING * * *
You closely miss something. Something hits you but does no damage.
You barely miss something. Something hits you.
* * * LOW HITPOINT WARNING * * *
You barely miss something. You hit something. Your squeeze misses something.
Something hits you.
* * * LOW HITPOINT WARNING * * *
Okay, then.
Okay, then.
You hit something but do no damage.
You hear some strange, mumbled words.
A magic dart appears from out of thin air!
The magic dart hits you!
You die...
Your body crumbles into a pile of gold.

#(....... #........
#........ #..?.....
+........ #..(.....
######.$......
#{$.$.........
#@####.###.### #.#
##.###+##### #.#
#..........### ...
+..........+..
...###..........###
....###..........# #
..................# #
...................#
#
....................#
#


There were no monsters in sight!

Vanquished Creatures
  A scorpion (D:2)
  2 worms (D:2)
  A dart slug (D:2)
  4 orcs (D:3)
  6 bats
  2 endoplasms
  3 giant cockroaches
  14 hobgoblins
  3 quokkas
  4 ball pythons
  A frilled lizard (D:1)
  9 goblins
  3 kobolds
  A rat (D:1)
54 creatures vanquished.

Notes
Turn   | Place    | Note
-------+----------+-------------------------------------------
     0 | D:1      | Froggeryz the Octopode Brigand began the quest for the Orb.
     0 | D:1      | Reached XP level 1. HP: 14/14 MP: 1/1
   263 | D:1      | Reached XP level 2. HP: 19/19 MP: 2/2
   672 | D:1      | Found a faded altar of an unknown god.
  1264 | D:2      | Reached XP level 3. HP: 24/24 MP: 3/3
  1321 | D:2      | Found an opulent altar of Gozag.
  1367 | D:2      | Became a worshipper of Gozag Ym Sagoz the Greedy
  1576 | D:2      | Noticed a scorpion
  1584 | D:2      | Killed a scorpion
  1585 | D:2      | Reached XP level 4. HP: 15/29 MP: 4/4
  2664 | D:2      | Reached XP level 5. HP: 34/34 MP: 5/5
  3004 | D:3      | Killed from afar by an orc wizard

Illustrated notes

Levels and vault maps discovered:
D:1:      arrival_zaba_pyramid, layout_loops_ring,
          dilly_ecumenical_altar_fadedgnrine
D:2:      cheibrodos_greedy_goblins, layout_loops_corners, basic_altar
D:3:      layout_basic, amethyst_killhole

Skill      XL: |  1  2  3 |
---------------+----------+-----
Short Blades   | 3 4 |  4.3
Dodging        | 2 |  2.7
Fighting       | |  2.0
Throwing       | |  2.0
Stealth        | |  5.3

Action                   |  1- 3 |  4- 6 || total
-------------------------+-------+-------++-------
Melee: Dagger            |    47 |    64 ||   111
       Constrict         |     9 |    16 ||    25
       Tentacles         |     8 |    10 ||    18
 Stab: Sleeping          |    15 |     1 ||    16
       Distracted        |       |     1 ||     1
Armor: Skin              |     2 |     5 ||     7
Dodge: Dodged            |    16 |    34 ||    50

Table legend: (Time is in decaauts)
 A = Elapsed time spent in this place.
 B = Non-inter-level travel time spent in this place.
 C = Inter-level travel time spent in this place.
 D = Time resting spent in this place.
 E = Time spent auto-exploring this place.
 F = Levels seen in this place.
 G = Mean time per level.
                   A        B        C        D        E       F      G
               +--------+--------+--------+--------+--------+-----+--------+
         Total |   2986 |   2898 |     88 |    862 |   1681 |   3 |  995.3 |
       Dungeon |   2986 |   2898 |     88 |    862 |   1681 |   3 |  995.3 |
               +--------+--------+--------+--------+--------+-----+--------+

Top non-repeatable levels by time:
     D:1: 1481 daAuts
     D:2: 1423 daAuts
     D:3: 81 daAuts
